Chicago Black Hawks vs New York Rangers
Created - Tuesday, February 24, 2026 at 07:49
Goals
|
| Chicago Black Hawks |
1 |
0 |
2 |
3 |
| New York Rangers |
0 |
2 |
0 |
2 |
|
Shots
|
| Chicago Black Hawks |
9 |
11 |
12 |
32 |
| New York Rangers |
10 |
14 |
14 |
38 |
|
1st period
1. Chicago Black Hawks , Oliver Bjorkstrand 16 (Barrett Hayton 25, Bobby Brink 7) at 19:15
Penalties :
No Penalty
2nd period
2. New York Rangers , Cole Caufield 8 (Nathan MacKinnon 23, Artemi Panarin 22) at 8:00 (PP)
3. New York Rangers , Nathan MacKinnon 16 (Adam Larsson 4, Igor Shesterkin) at 18:30
Penalties :
Barrett Hayton (CHI) for Cross-checking (Minor) at 3:37, Ryan Lindgren (CHI) for Tripping (Minor) at 7:24, Evgeni Malkin (NYR) for Cross-checking (Minor) at 9:39
3rd period
4. Chicago Black Hawks , Shane Wright 8 (Matthew Beniers 10) at 16:18
5. Chicago Black Hawks , Matthew Beniers 10 (Zachary Werenski 8, Eeli Tolvanen 2) at 17:16
Penalties :
Victor Hedman (NYR) for Tripping (Minor) at 4:56, Eeli Tolvanen (CHI) for Cross-checking (Minor) at 8:06, Luke Schenn (NYR) for Interference (Minor) at 10:47
Goalie Stats
Filip Gustavsson (CHI), 36 saves from 38 shots - (0.947), W, 10-7-1, 60:00 minutes
Igor Shesterkin (NYR), 29 saves from 32 shots - (0.906), L, 21-7-2, 59:18 minutes
Players Stats for Chicago Black Hawks
Player Name G A P +/- PIM S H SB GA TA FO MP PP MP PK MP
------------------------------------------------------------------------------------
Barrett Hayton 0 1 1 1 2 5 0 0 1 0 11/16 17:36 2:40 1:09
Bobby Brink 0 1 1 -1 0 1 0 0 1 0 0/1 7:55 0:00 0:00
Brent Burns 0 0 0 1 0 0 0 1 0 0 0/0 26:59 3:12 2:33
Brett Howden 0 0 0 -1 0 0 1 0 0 0 3/4 9:06 0:00 0:49
Christopher Tanev 0 0 0 2 0 1 0 2 0 0 0/0 20:14 2:45 2:01
Eeli Tolvanen 0 1 1 2 2 2 2 0 0 0 0/0 13:39 0:00 0:00
Justin Faulk 0 0 0 2 0 1 0 2 0 0 0/0 20:14 2:45 2:01
Kevin Fiala 0 0 0 0 0 1 3 0 0 1 0/0 19:28 2:50 2:06
Leo Carlsson 0 0 0 0 0 4 1 0 0 4 18/25 19:39 3:06 2:10
Lucas Raymond 0 0 0 0 0 3 2 0 1 1 0/0 19:40 3:06 2:21
Matthew Beniers 1 1 2 2 0 4 0 0 1 0 4/13 16:01 2:51 0:00
Noah Dobson 0 0 0 -1 0 0 0 0 0 1 0/0 12:47 0:00 0:00
Oliver Bjorkstrand 1 0 1 1 0 2 5 0 1 1 0/1 15:47 2:51 0:00
Ryan Lindgren 0 0 0 -1 2 1 1 0 0 1 0/0 12:46 0:00 0:00
Ryan Suzuki 0 0 0 1 0 1 0 0 0 0 0/2 13:18 0:00 0:00
Shane Wright 1 0 1 2 0 2 1 0 0 0 0/3 14:11 0:27 0:00
Trevor Zegras 0 0 0 -1 0 1 1 0 0 0 0/0 9:04 0:00 0:33
Zachary Werenski 0 1 1 1 0 3 1 1 1 0 0/0 26:59 3:12 2:33
Players Stats for New York Rangers
Player Name G A P +/- PIM S H SB GA TA FO MP PP MP PK MP
------------------------------------------------------------------------------------
Adam Larsson 0 1 1 -2 0 2 1 2 0 0 0/0 21:12 0:00 3:38
Artemi Panarin 0 1 1 -2 0 1 0 0 1 2 1/6 18:06 2:19 0:00
Cole Caufield 1 0 1 -2 0 2 1 0 1 1 1/2 18:42 2:19 0:20
Conor Garland 0 0 0 1 0 0 0 0 0 0 0/0 7:08 0:00 0:00
Dmitry Kulikov 0 0 0 0 0 0 2 1 0 0 0/0 13:09 0:00 0:23
Dylan Strome 0 0 0 -1 0 2 0 0 1 0 9/12 13:33 2:15 0:00
Evgeni Malkin 0 0 0 0 2 4 1 0 1 0 4/10 18:52 3:20 0:01
Jake Walman 0 0 0 0 0 2 3 1 0 2 0/0 23:56 1:14 2:50
Kyle Palmieri 0 0 0 0 0 2 1 0 0 0 1/3 17:21 2:15 0:00
Luke Schenn 0 0 0 -2 2 4 1 1 0 0 0/0 17:26 0:00 1:44
Marcus Foligno 0 0 0 1 0 1 2 0 1 1 0/0 10:11 0:00 2:49
Mikael Granlund 0 0 0 -1 0 2 2 0 0 0 2/4 15:16 1:14 2:56
Nathan MacKinnon 1 1 2 -2 0 3 2 0 2 0 8/24 18:06 2:19 0:00
Noel Acciari 0 0 0 1 0 0 0 0 0 0 1/1 10:13 0:00 2:48
Olli Maatta 0 0 0 0 0 0 0 1 0 0 0/0 15:22 0:00 3:19
Teuvo Teravainen 0 0 0 -1 0 5 2 0 1 0 1/2 14:00 0:00 2:58
Timo Meier 0 0 0 0 0 6 2 0 0 0 1/1 17:40 2:15 0:02
Victor Hedman 0 0 0 0 2 2 2 1 1 0 0/0 23:47 3:20 0:00
3 Stars
1 - Matthew Beniers (CHI)
2 - Oliver Bjorkstrand (CHI)
3 - Filip Gustavsson (CHI)
Power Play
Chicago Black Hawks - 0 on 3 Attempt(s) - 0.00%
New York Rangers - 1 on 3 Attempt(s) - 33.33%
Penalty Kill
Chicago Black Hawks - 2 on 3 Attempt(s) - 66.67%
- Score 0 goal in Penalty Kill
New York Rangers - 3 on 3 Attempt(s) - 100.00%
- Score 0 goal in Penalty Kill
Team Stat
Chicago Black Hawks - Hits : 18 - Faceoff Wins : 36 - Blocked Shots : 6 - Penalty Minutes : 6
New York Rangers - Hits : 22 - Faceoff Wins : 29 - Blocked Shots : 7 - Penalty Minutes : 6
Official
Referees : Pierre Lambert and Chris Schlenker
Linesman : Jonny Murray and Mitchell Hunt
Game Notes
No Game Note
Finance
Level 1 -- Attendance: 5704 (95.07%) -- Ticket Income $541,880
Level 2 -- Attendance: 5000 (100.00%) -- Ticket Income $250,000
Level 3 -- Attendance: 2804 (93.47%) -- Ticket Income $84,120
Level 4 -- Attendance: 4938 (98.76%) -- Ticket Income $98,760
Luxury Box -- Attendance: 1000 (100.00%) -- Ticket Income $185,000
Game was played at the Madison Square Garden.
Total Attendance: 19446 (97.23%)
Total Ticket Income: $1,159,760
Other Income: $405,916
Total Income: $1,565,676
Chicago Black Hawks
5 vs 5 Forward
Center Left Wing Right Wing Time % Phy DF OF
1 Leo Carlsson Lucas Raymond Kevin Fiala 30 1 2 2
2 Barrett Hayton Ryan Suzuki Oliver Bjorkstrand 30 1 2 2
3 Matthew Beniers Shane Wright Eeli Tolvanen 25 1 2 2
4 Brett Howden Trevor Zegras Bobby Brink 15 1 2 2
5 vs 5 Defense
Defense Defense Time % Phy DF OF
1 Zachary Werenski Brent Burns 30 1 2 2
2 Justin Faulk Christopher Tanev 30 1 2 2
3 Noah Dobson Ryan Lindgren 25 1 2 2
4 Zachary Werenski Brent Burns 15 1 2 2
PowerPlay Forward
Center Left Wing Right Wing Time % Phy DF OF
1 Leo Carlsson Lucas Raymond Kevin Fiala 50 1 2 2
2 Barrett Hayton Matthew Beniers Oliver Bjorkstrand 50 1 2 2
PowerPlay Defense
Defense Defense Time % Phy DF OF
1 Zachary Werenski Brent Burns 50 1 2 2
2 Justin Faulk Christopher Tanev 50 1 2 2
Penalty Kill 4 Players Forward
Center Wing Time % Phy DF OF
1 Leo Carlsson Lucas Raymond 50 1 2 2
2 Kevin Fiala Barrett Hayton 50 1 2 2
Penalty Kill 4 Players Defense
Defense Defense Time % Phy DF OF
1 Zachary Werenski Brent Burns 50 1 2 2
2 Justin Faulk Christopher Tanev 50 1 2 2
Penalty Kill - 3 Players Forward
Forward Time % Phy DF OF
1 Leo Carlsson 50 1 2 2
2 Lucas Raymond 50 1 2 2
Penalty Kill - 3 Players Defense
Defense Defense Time % Phy DF OF
1 Zachary Werenski Brent Burns 50 1 2 2
2 Justin Faulk Christopher Tanev 50 1 2 2
4 vs 4 Forward
Center Wing Time % Phy DF OF
1 Leo Carlsson Lucas Raymond 50 1 2 2
2 Kevin Fiala Barrett Hayton 50 1 2 2
4 vs 4 Defense
Defense Defense Time % Phy DF OF
1 Zachary Werenski Brent Burns 50 1 2 2
2 Justin Faulk Christopher Tanev 50 1 2 2
Last Minutes Offensive
Center Left Wing Right Wing Defense Defense
Leo Carlsson Lucas Raymond Kevin Fiala Zachary Werenski Brent Burns
Last Minutes Defensive
Center Left Wing Right Wing Defense Defense
Leo Carlsson Lucas Raymond Kevin Fiala Zachary Werenski Brent Burns
Goaltenders
Starting : Filip Gustavsson
Backup : Jesper Wallstedt
Extra Forwards
Normal : Matthew Beniers, Shane Wright, Brett Howden - PP : Matthew Beniers, Shane Wright - PK : Brett Howden
Extra Defensemen
Normal : Noah Dobson, Ryan Lindgren, Justin Faulk - PP : Noah Dobson - PK : Ryan Lindgren, Justin Faulk
Penalty Shots
Leo Carlsson, Lucas Raymond, Kevin Fiala, Barrett Hayton, Oliver Bjorkstrand
Scratches
Simon Nemec (Healthy), Trevor Lewis (Healthy)
New York Rangers
5 vs 5 Forward
Center Left Wing Right Wing Time % Phy DF OF
1 Nathan MacKinnon Artemi Panarin Cole Caufield 40 0 1 4
2 Evgeni Malkin Timo Meier Kyle Palmieri 30 1 1 3
3 Dylan Strome Teuvo Teravainen Mikael Granlund 20 1 2 2
4 Noel Acciari Marcus Foligno Conor Garland 10 2 2 1
5 vs 5 Defense
Defense Defense Time % Phy DF OF
1 Victor Hedman Jake Walman 40 0 3 2
2 Luke Schenn Adam Larsson 35 0 4 1
3 Olli Maatta Dmitry Kulikov 25 2 3 0
4 Dmitry Kulikov Adam Larsson 0 1 2 2
PowerPlay Forward
Center Left Wing Right Wing Time % Phy DF OF
1 Nathan MacKinnon Cole Caufield Artemi Panarin 50 0 0 5
2 Dylan Strome Timo Meier Kyle Palmieri 50 0 1 4
PowerPlay Defense
Defense Defense Time % Phy DF OF
1 Victor Hedman Evgeni Malkin 65 0 0 5
2 Jake Walman Mikael Granlund 35 0 1 4
Penalty Kill 4 Players Forward
Center Wing Time % Phy DF OF
1 Mikael Granlund Noel Acciari 50 1 4 0
2 Teuvo Teravainen Marcus Foligno 50 2 3 0
Penalty Kill 4 Players Defense
Defense Defense Time % Phy DF OF
1 Olli Maatta Adam Larsson 60 1 4 0
2 Luke Schenn Jake Walman 40 2 3 0
Penalty Kill - 3 Players Forward
Forward Time % Phy DF OF
1 Mikael Granlund 50 0 5 0
2 Noel Acciari 50 0 5 0
Penalty Kill - 3 Players Defense
Defense Defense Time % Phy DF OF
1 Olli Maatta Adam Larsson 50 0 4 0
2 Jake Walman Luke Schenn 50 0 5 0
4 vs 4 Forward
Center Wing Time % Phy DF OF
1 Nathan MacKinnon Artemi Panarin 50 0 2 3
2 Evgeni Malkin Cole Caufield 50 0 2 3
4 vs 4 Defense
Defense Defense Time % Phy DF OF
1 Victor Hedman Jake Walman 50 1 2 2
2 Adam Larsson Luke Schenn 50 1 2 2
Last Minutes Offensive
Center Left Wing Right Wing Defense Defense
Nathan MacKinnon Cole Caufield Artemi Panarin Victor Hedman Jake Walman
Last Minutes Defensive
Center Left Wing Right Wing Defense Defense
Mikael Granlund Noel Acciari Teuvo Teravainen Adam Larsson Jake Walman
Goaltenders
Starting : Igor Shesterkin
Backup : Kevin Lankinen
Extra Forwards
Normal : Timo Meier, Dylan Strome, Teuvo Teravainen - PP : Timo Meier, Dylan Strome - PK : Teuvo Teravainen
Extra Defensemen
Normal : Adam Larsson, Olli Maatta, Jake Walman - PP : Adam Larsson - PK : Olli Maatta, Jake Walman
Penalty Shots
Nathan MacKinnon, Evgeni Malkin, Mikael Granlund, Artemi Panarin, Kyle Palmieri
Scratches
None
% Time on Ice - Chicago Black Hawks
Lines # - Real PCT - Wanted PCT - Time Play
Normal Forward
1 - 28% - 30% - 13:32
2 - 29% - 30% - 13:48
3 - 27% - 25% - 13:10
4 - 16% - 15% - 7:55
Normal Defense
1 - 30% - 30% - 14:21
2 - 32% - 30% - 15:28
3 - 26% - 25% - 12:47
4 - 12% - 15% - 5:49
PP Forward
1 - 52% - 50% - 3:06
2 - 48% - 50% - 2:51
PP Defense
1 - 54% - 50% - 3:12
2 - 46% - 50% - 2:45
PK Forward
1 - 47% - 50% - 2:10
2 - 53% - 50% - 2:24
PK Defense
1 - 56% - 50% - 2:33
2 - 44% - 50% - 2:01
PK3 Forward
1 - 0% - 50%
2 - 0% - 50%
PK3 Defense
1 - 0% - 50%
2 - 0% - 50%
44 Forward
1 - 0% - 50%
2 - 0% - 50%
44 Defense
1 - 0% - 50%
2 - 0% - 50%
Last Minute Offensive - 0:00
Last Minute Defensive - 1:04
Total
Forward - 60:00
Defense - 60:00
|
% Time on Ice - New York Rangers
Lines # - Real PCT - Wanted PCT - Time Play
Normal Forward
1 - 33% - 40% - 16:13
2 - 31% - 30% - 15:20
3 - 22% - 20% - 10:48
4 - 14% - 10% - 7:08
Normal Defense
1 - 42% - 40% - 20:44
2 - 33% - 35% - 16:21
3 - 23% - 25% - 11:33
4 - 2% - 0% - 0:51
PP Forward
1 - 51% - 50% - 2:19
2 - 49% - 50% - 2:15
PP Defense
1 - 73% - 65% - 3:20
2 - 27% - 35% - 1:14
PK Forward
1 - 50% - 50% - 2:59
2 - 50% - 50% - 2:58
PK Defense
1 - 46% - 60% - 2:44
2 - 54% - 40% - 3:13
PK3 Forward
1 - 0% - 50%
2 - 0% - 50%
PK3 Defense
1 - 0% - 50%
2 - 0% - 50%
44 Forward
1 - 0% - 50%
2 - 0% - 50%
44 Defense
1 - 0% - 50%
2 - 0% - 50%
Last Minute Offensive - 0:00
Last Minute Defensive - 0:00
Total
Forward - 60:00
Defense - 60:00
|
Play-by-Play
1st period
0:01 of 1st period - Leo Carlsson wins face-off versus Nathan MacKinnon in neutral zone.
0:12 of 1st period - Wrist shot by Leo Carlsson.
0:12 of 1st period - Stopped by Igor Shesterkin without a rebound.
0:13 of 1st period - Barrett Hayton wins face-off versus Kyle Palmieri in New York Rangers zone.
1:06 of 1st period - Slapshot by Teuvo Teravainen.
1:06 of 1st period - Stopped by Filip Gustavsson without a rebound.
1:07 of 1st period - Dylan Strome wins face-off versus Shane Wright in Chicago Black Hawks zone.
1:32 of 1st period - Dmitry Kulikov is hit by Ryan Lindgren and loses puck.
1:59 of 1st period - Snap shot by Dylan Strome.
1:59 of 1st period - Shot Misses the Net.
2:01 of 1st period - Slapshot by Olli Maatta.
2:01 of 1st period - Shot Hit the Post.
2:23 of 1st period - Snap shot by Teuvo Teravainen.
2:23 of 1st period - Stopped by Filip Gustavsson without a rebound.
2:24 of 1st period - Leo Carlsson wins face-off versus Nathan MacKinnon in Chicago Black Hawks zone.
3:00 of 1st period - Snap shot by Zachary Werenski.
3:00 of 1st period - Stopped by Igor Shesterkin with a rebound.
3:02 of 1st period - Slapshot by Zachary Werenski.
3:02 of 1st period - Shot Misses the Net.
3:26 of 1st period - Wrist shot by Evgeni Malkin.
3:26 of 1st period - Shot Misses the Net.
3:36 of 1st period - Wrist shot by Leo Carlsson.
3:36 of 1st period - Stopped by Igor Shesterkin without a rebound.
3:37 of 1st period - Barrett Hayton wins face-off versus Nathan MacKinnon in New York Rangers zone.
3:46 of 1st period - Wrist shot by Barrett Hayton.
3:46 of 1st period - Shot Misses the Net.
4:45 of 1st period - Barrett Hayton is hit by Dmitry Kulikov and loses puck.
5:10 of 1st period - Noah Dobson is hit by Marcus Foligno and loses puck.
5:17 of 1st period - Snap shot by Marcus Foligno.
5:17 of 1st period - Stopped by Filip Gustavsson without a rebound.
5:18 of 1st period - Barrett Hayton wins face-off versus Artemi Panarin in Chicago Black Hawks zone.
5:23 of 1st period - Dmitry Kulikov is hit by Oliver Bjorkstrand and loses puck.
5:58 of 1st period - Brent Burns is hit by Marcus Foligno and loses puck.
6:15 of 1st period - Wrist shot by Dylan Strome.
6:15 of 1st period - Deflect By Teuvo Teravainen.
6:15 of 1st period - Shot Misses the Net.
6:15 of 1st period - Puck is out of play.
6:16 of 1st period - Barrett Hayton wins face-off versus Mikael Granlund in Chicago Black Hawks zone.
6:31 of 1st period - Ryan Suzuki is hit by Jake Walman and loses puck.
7:07 of 1st period - Snap shot by Timo Meier.
7:07 of 1st period - Stopped by Filip Gustavsson without a rebound.
7:08 of 1st period - Evgeni Malkin wins face-off versus Matthew Beniers in Chicago Black Hawks zone.
7:23 of 1st period - Wrist shot by Timo Meier.
7:23 of 1st period - Shot Misses the Net.
7:25 of 1st period - Slapshot by Luke Schenn.
7:25 of 1st period - Stopped by Filip Gustavsson with a rebound.
7:27 of 1st period - Snap shot by Timo Meier.
7:27 of 1st period - Shot Blocked by Justin Faulk.
7:29 of 1st period - Slapshot by Kyle Palmieri.
7:29 of 1st period - Shot Blocked by Justin Faulk.
7:33 of 1st period - Wrist shot by Timo Meier.
7:33 of 1st period - Shot Blocked by Christopher Tanev.
7:39 of 1st period - Slapshot by Kyle Palmieri.
7:39 of 1st period - Shot Misses the Net.
7:41 of 1st period - Snap shot by Evgeni Malkin.
7:41 of 1st period - Stopped by Filip Gustavsson without a rebound.
7:42 of 1st period - Barrett Hayton wins face-off versus Nathan MacKinnon in Chicago Black Hawks zone.
7:59 of 1st period - Snap shot by Cole Caufield.
7:59 of 1st period - Shot Misses the Net.
8:52 of 1st period - Wrist shot by Barrett Hayton.
8:52 of 1st period - Shot Misses the Net.
9:23 of 1st period - Off-side.
9:24 of 1st period - Leo Carlsson wins face-off versus Nathan MacKinnon in neutral zone.
10:33 of 1st period - Off-side.
10:34 of 1st period - Dylan Strome wins face-off versus Leo Carlsson in neutral zone.
10:36 of 1st period - Off-side.
10:37 of 1st period - Leo Carlsson wins face-off versus Teuvo Teravainen in neutral zone.
10:52 of 1st period - Wrist shot by Leo Carlsson.
10:52 of 1st period - Deflect By Lucas Raymond.
10:52 of 1st period - Stopped by Igor Shesterkin with a rebound.
11:10 of 1st period - Wrist shot by Artemi Panarin.
11:10 of 1st period - Deflect By Nathan MacKinnon.
11:10 of 1st period - Shot Misses the Net.
11:10 of 1st period - Puck is out of play.
11:11 of 1st period - Nathan MacKinnon wins face-off versus Barrett Hayton in Chicago Black Hawks zone.
11:20 of 1st period - Snap shot by Cole Caufield.
11:20 of 1st period - Shot Misses the Net.
11:36 of 1st period - Leo Carlsson is hit by Timo Meier and loses puck.
12:01 of 1st period - Snap shot by Marcus Foligno.
12:01 of 1st period - Shot Misses the Net.
12:20 of 1st period - Icing by Ryan Lindgren.
12:21 of 1st period - Dylan Strome wins face-off versus Matthew Beniers in Chicago Black Hawks zone.
12:22 of 1st period - Wrist shot by Teuvo Teravainen.
12:22 of 1st period - Shot Misses the Net.
12:28 of 1st period - Slapshot by Matthew Beniers.
12:28 of 1st period - Stopped by Igor Shesterkin with a rebound.
12:30 of 1st period - Slapshot by Ryan Lindgren.
12:30 of 1st period - Shot Misses the Net.
12:32 of 1st period - Wrist shot by Eeli Tolvanen.
12:32 of 1st period - Stopped by Igor Shesterkin without a rebound.
12:33 of 1st period - Leo Carlsson wins face-off versus Nathan MacKinnon in New York Rangers zone.
13:21 of 1st period - Snap shot by Timo Meier.
13:21 of 1st period - Stopped by Filip Gustavsson with a rebound.
13:30 of 1st period - Off-side.
13:31 of 1st period - Leo Carlsson wins face-off versus Nathan MacKinnon in neutral zone.
15:07 of 1st period - Noah Dobson is hit by Cole Caufield and loses puck.
15:30 of 1st period - Wrist shot by Barrett Hayton.
15:30 of 1st period - Stopped by Igor Shesterkin with a rebound.
15:32 of 1st period - Slapshot by Ryan Suzuki.
15:32 of 1st period - Deflect By Barrett Hayton.
15:32 of 1st period - Stopped by Igor Shesterkin with a rebound.
15:44 of 1st period - Snap shot by Dylan Strome.
15:44 of 1st period - Stopped by Filip Gustavsson without a rebound.
15:45 of 1st period - Dylan Strome wins face-off versus Bobby Brink in Chicago Black Hawks zone.
15:56 of 1st period - Slapshot by Teuvo Teravainen.
15:56 of 1st period - Deflect By Dylan Strome.
15:56 of 1st period - Shot Hit the Post.
15:56 of 1st period - Puck is out of play.
15:57 of 1st period - Nathan MacKinnon wins face-off versus Barrett Hayton in Chicago Black Hawks zone.
16:49 of 1st period - Icing by Dmitry Kulikov.
16:50 of 1st period - Brett Howden wins face-off versus Evgeni Malkin in New York Rangers zone.
17:21 of 1st period - Snap shot by Brett Howden.
17:21 of 1st period - Deflect By Bobby Brink.
17:21 of 1st period - Shot Misses the Net.
17:21 of 1st period - Puck is out of play.
17:22 of 1st period - Nathan MacKinnon wins face-off versus Shane Wright in New York Rangers zone.
17:31 of 1st period - Backhand shot by Cole Caufield.
17:31 of 1st period - Stopped by Filip Gustavsson with a rebound.
17:33 of 1st period - Snap shot by Luke Schenn.
17:33 of 1st period - Stopped by Filip Gustavsson without a rebound.
17:34 of 1st period - Barrett Hayton wins face-off versus Artemi Panarin in Chicago Black Hawks zone.
17:36 of 1st period - Icing by Zachary Werenski.
17:37 of 1st period - Artemi Panarin wins face-off versus Barrett Hayton in Chicago Black Hawks zone.
17:44 of 1st period - Wrist shot by Artemi Panarin.
17:44 of 1st period - Shot Blocked by Brent Burns.
19:01 of 1st period - Wrist shot by Marcus Foligno.
19:01 of 1st period - Shot Misses the Net.
19:15 of 1st period - Wrist shot by Oliver Bjorkstrand.
19:15 of 1st period - Goal by Oliver Bjorkstrand - Chicago Black Hawks : 1 - New York Rangers : 0.
19:16 of 1st period - Leo Carlsson wins face-off versus Nathan MacKinnon in neutral zone.
19:25 of 1st period - Wrist shot by Leo Carlsson.
19:25 of 1st period - Deflect By Artemi Panarin.
19:25 of 1st period - Shot Misses the Net.
19:25 of 1st period - Puck is out of play.
19:26 of 1st period - Leo Carlsson wins face-off versus Cole Caufield in New York Rangers zone.
19:45 of 1st period - Nathan MacKinnon is hit by Lucas Raymond and loses puck.
Goals for this period are 1 for Chicago Black Hawks vs 0 for New York Rangers.
Shots for this period are 9 for Chicago Black Hawks vs 10 for New York Rangers.
2nd period
0:01 of 2nd period - Nathan MacKinnon wins face-off versus Matthew Beniers in neutral zone.
0:10 of 2nd period - Snap shot by Matthew Beniers.
0:10 of 2nd period - Stopped by Igor Shesterkin with a rebound.
0:30 of 2nd period - Wrist shot by Lucas Raymond.
0:30 of 2nd period - Shot Misses the Net.
0:32 of 2nd period - Slapshot by Zachary Werenski.
0:32 of 2nd period - Shot Misses the Net.
0:34 of 2nd period - Slapshot by Lucas Raymond.
0:34 of 2nd period - Stopped by Igor Shesterkin without a rebound.
0:35 of 2nd period - Leo Carlsson wins face-off versus Evgeni Malkin in New York Rangers zone.
0:36 of 2nd period - Slapshot by Lucas Raymond.
0:36 of 2nd period - Stopped by Igor Shesterkin with a rebound.
0:46 of 2nd period - Snap shot by Evgeni Malkin.
0:46 of 2nd period - Stopped by Filip Gustavsson with a rebound.
0:48 of 2nd period - Snap shot by Adam Larsson.
0:48 of 2nd period - Shot Misses the Net.
1:13 of 2nd period - Slapshot by Oliver Bjorkstrand.
1:13 of 2nd period - Shot Blocked by Dmitry Kulikov.
1:45 of 2nd period - Slapshot by Zachary Werenski.
1:45 of 2nd period - Shot Misses the Net.
1:55 of 2nd period - Olli Maatta is hit by Trevor Zegras and loses puck.
2:25 of 2nd period - Barrett Hayton is hit by Timo Meier and loses puck.
2:42 of 2nd period - Snap shot by Dylan Strome.
2:42 of 2nd period - Stopped by Filip Gustavsson without a rebound.
2:43 of 2nd period - Cole Caufield wins face-off versus Barrett Hayton in Chicago Black Hawks zone.
3:15 of 2nd period - Wrist shot by Shane Wright.
3:15 of 2nd period - Stopped by Igor Shesterkin without a rebound.
3:16 of 2nd period - Nathan MacKinnon wins face-off versus Ryan Suzuki in New York Rangers zone.
3:37 of 2nd period - Minor Penalty to Barrett Hayton for Cross-checking.
3:38 of 2nd period - Leo Carlsson wins face-off versus Nathan MacKinnon in Chicago Black Hawks zone.
3:47 of 2nd period - Brett Howden is hit by Evgeni Malkin and loses puck.
5:37 of 2nd period - Penalty to Barrett Hayton is over, Barrett Hayton is back on ice.
5:58 of 2nd period - Snap shot by Barrett Hayton.
5:58 of 2nd period - Stopped by Igor Shesterkin with a rebound.
7:10 of 2nd period - Snap shot by Shane Wright.
7:10 of 2nd period - Shot Misses the Net.
7:24 of 2nd period - Minor Penalty to Ryan Lindgren for Tripping.
7:25 of 2nd period - Leo Carlsson wins face-off versus Dylan Strome in Chicago Black Hawks zone.
8:00 of 2nd period - Wrist shot by Cole Caufield.
8:00 of 2nd period - Goal by Cole Caufield - Chicago Black Hawks : 1 - New York Rangers : 1.
8:01 of 2nd period - Barrett Hayton wins face-off versus Nathan MacKinnon in neutral zone.
8:51 of 2nd period - Leo Carlsson is hit by Victor Hedman and loses puck.
9:01 of 2nd period - Off-side.
9:02 of 2nd period - Barrett Hayton wins face-off versus Artemi Panarin in neutral zone.
9:17 of 2nd period - Snap shot by Oliver Bjorkstrand.
9:17 of 2nd period - Deflect By Ryan Suzuki.
9:17 of 2nd period - Stopped by Igor Shesterkin without a rebound.
9:18 of 2nd period - Evgeni Malkin wins face-off versus Matthew Beniers in New York Rangers zone.
9:39 of 2nd period - Minor Penalty to Evgeni Malkin for Cross-checking.
9:40 of 2nd period - Mikael Granlund wins face-off versus Leo Carlsson in New York Rangers zone.
10:48 of 2nd period - Barrett Hayton is hit by Luke Schenn and loses puck.
11:13 of 2nd period - Noel Acciari is hit by Kevin Fiala and loses puck.
11:39 of 2nd period - Penalty to Evgeni Malkin is over, Evgeni Malkin is back on ice.
11:53 of 2nd period - Bobby Brink is hit by Nathan MacKinnon and loses puck.
12:24 of 2nd period - Matthew Beniers is hit by Adam Larsson and loses puck.
12:47 of 2nd period - Noah Dobson is hit by Dmitry Kulikov and loses puck.
13:02 of 2nd period - Olli Maatta is hit by Oliver Bjorkstrand and loses puck.
13:47 of 2nd period - Slapshot by Jake Walman.
13:47 of 2nd period - Stopped by Filip Gustavsson with a rebound.
14:35 of 2nd period - Icing by Justin Faulk.
14:36 of 2nd period - Kyle Palmieri wins face-off versus Matthew Beniers in Chicago Black Hawks zone.
14:41 of 2nd period - Snap shot by Evgeni Malkin.
14:41 of 2nd period - Stopped by Filip Gustavsson with a rebound.
14:43 of 2nd period - Snap shot by Luke Schenn.
14:43 of 2nd period - Stopped by Filip Gustavsson with a rebound.
14:45 of 2nd period - Slapshot by Adam Larsson.
14:45 of 2nd period - Stopped by Filip Gustavsson without a rebound.
14:46 of 2nd period - Barrett Hayton wins face-off versus Nathan MacKinnon in Chicago Black Hawks zone.
15:13 of 2nd period - Luke Schenn is hit by Kevin Fiala and loses puck.
15:41 of 2nd period - Brent Burns is hit by Jake Walman and loses puck.
16:20 of 2nd period - Wrist shot by Oliver Bjorkstrand.
16:20 of 2nd period - Shot Misses the Net.
16:22 of 2nd period - Snap shot by Ryan Suzuki.
16:22 of 2nd period - Shot Misses the Net.
16:24 of 2nd period - Snap shot by Ryan Suzuki.
16:24 of 2nd period - Shot Blocked by Luke Schenn.
16:26 of 2nd period - Slapshot by Christopher Tanev.
16:26 of 2nd period - Deflect By Oliver Bjorkstrand.
16:26 of 2nd period - Shot Misses the Net.
16:26 of 2nd period - Puck is out of play.
16:27 of 2nd period - Nathan MacKinnon wins face-off versus Leo Carlsson in New York Rangers zone.
16:44 of 2nd period - Slapshot by Leo Carlsson.
16:44 of 2nd period - Stopped by Igor Shesterkin without a rebound.
16:45 of 2nd period - Barrett Hayton wins face-off versus Evgeni Malkin in New York Rangers zone.
16:52 of 2nd period - Snap shot by Barrett Hayton.
16:52 of 2nd period - Stopped by Igor Shesterkin with a rebound.
16:54 of 2nd period - Snap shot by Oliver Bjorkstrand.
16:54 of 2nd period - Stopped by Igor Shesterkin with a rebound.
16:56 of 2nd period - Slapshot by Zachary Werenski.
16:56 of 2nd period - Stopped by Igor Shesterkin with a rebound.
16:58 of 2nd period - Wrist shot by Oliver Bjorkstrand.
16:58 of 2nd period - Deflect By Barrett Hayton.
16:58 of 2nd period - Stopped by Igor Shesterkin without a rebound.
16:59 of 2nd period - Leo Carlsson wins face-off versus Nathan MacKinnon in New York Rangers zone.
18:30 of 2nd period - Snap shot by Nathan MacKinnon.
18:30 of 2nd period - Goal by Nathan MacKinnon - Chicago Black Hawks : 1 - New York Rangers : 2.
18:31 of 2nd period - Nathan MacKinnon wins face-off versus Oliver Bjorkstrand in neutral zone.
18:48 of 2nd period - Snap shot by Artemi Panarin.
18:48 of 2nd period - Stopped by Filip Gustavsson with a rebound.
19:04 of 2nd period - Slapshot by Timo Meier.
19:04 of 2nd period - Deflect By Lucas Raymond.
19:04 of 2nd period - Stopped by Filip Gustavsson with a rebound.
19:10 of 2nd period - Backhand shot by Evgeni Malkin.
19:10 of 2nd period - Stopped by Filip Gustavsson with a rebound.
19:12 of 2nd period - Slapshot by Luke Schenn.
19:12 of 2nd period - Stopped by Filip Gustavsson with a rebound.
19:14 of 2nd period - Backhand shot by Kyle Palmieri.
19:14 of 2nd period - Stopped by Filip Gustavsson without a rebound.
19:15 of 2nd period - Dylan Strome wins face-off versus Matthew Beniers in Chicago Black Hawks zone.
19:18 of 2nd period - Snap shot by Mikael Granlund.
19:18 of 2nd period - Shot Misses the Net.
19:20 of 2nd period - Wrist shot by Mikael Granlund.
19:20 of 2nd period - Shot Misses the Net.
19:22 of 2nd period - Wrist shot by Mikael Granlund.
19:22 of 2nd period - Shot Misses the Net.
19:24 of 2nd period - Wrist shot by Jake Walman.
19:24 of 2nd period - Deflect By Matthew Beniers.
19:24 of 2nd period - Stopped by Filip Gustavsson with a rebound.
19:26 of 2nd period - Wrist shot by Dylan Strome.
19:26 of 2nd period - Shot Blocked by Christopher Tanev.
Goals for this period are 0 for Chicago Black Hawks vs 2 for New York Rangers.
Shots for this period are 11 for Chicago Black Hawks vs 14 for New York Rangers.
3rd period
0:01 of 3rd period - Leo Carlsson wins face-off versus Nathan MacKinnon in neutral zone.
0:03 of 3rd period - Off-side.
0:04 of 3rd period - Leo Carlsson wins face-off versus Artemi Panarin in neutral zone.
0:11 of 3rd period - Luke Schenn is hit by Kevin Fiala and loses puck.
0:30 of 3rd period - Snap shot by Timo Meier.
0:30 of 3rd period - Stopped by Filip Gustavsson with a rebound.
0:32 of 3rd period - Slapshot by Luke Schenn.
0:32 of 3rd period - Shot Blocked by Zachary Werenski.
0:34 of 3rd period - Snap shot by Adam Larsson.
0:34 of 3rd period - Stopped by Filip Gustavsson with a rebound.
0:36 of 3rd period - Slapshot by Adam Larsson.
0:36 of 3rd period - Shot Misses the Net.
0:38 of 3rd period - Wrist shot by Timo Meier.
0:38 of 3rd period - Stopped by Filip Gustavsson without a rebound.
0:39 of 3rd period - Evgeni Malkin wins face-off versus Matthew Beniers in Chicago Black Hawks zone.
1:11 of 3rd period - Snap shot by Nathan MacKinnon.
1:11 of 3rd period - Stopped by Filip Gustavsson without a rebound.
1:12 of 3rd period - Nathan MacKinnon wins face-off versus Ryan Suzuki in Chicago Black Hawks zone.
1:27 of 3rd period - Slapshot by Nathan MacKinnon.
1:27 of 3rd period - Stopped by Filip Gustavsson with a rebound.
1:32 of 3rd period - Icing by Barrett Hayton.
1:33 of 3rd period - Timo Meier wins face-off versus Barrett Hayton in Chicago Black Hawks zone.
1:39 of 3rd period - Icing by Noah Dobson.
1:40 of 3rd period - Barrett Hayton wins face-off versus Evgeni Malkin in Chicago Black Hawks zone.
1:59 of 3rd period - Snap shot by Timo Meier.
1:59 of 3rd period - Stopped by Filip Gustavsson without a rebound.
2:00 of 3rd period - Leo Carlsson wins face-off versus Nathan MacKinnon in Chicago Black Hawks zone.
2:17 of 3rd period - Wrist shot by Leo Carlsson.
2:17 of 3rd period - Stopped by Igor Shesterkin without a rebound.
2:18 of 3rd period - Matthew Beniers wins face-off versus Evgeni Malkin in New York Rangers zone.
3:07 of 3rd period - Teuvo Teravainen is hit by Oliver Bjorkstrand and loses puck.
3:16 of 3rd period - Jake Walman is hit by Oliver Bjorkstrand and loses puck.
3:31 of 3rd period - Snap shot by Victor Hedman.
3:31 of 3rd period - Stopped by Filip Gustavsson without a rebound.
3:32 of 3rd period - Matthew Beniers wins face-off versus Evgeni Malkin in Chicago Black Hawks zone.
4:45 of 3rd period - Slapshot by Kyle Palmieri.
4:45 of 3rd period - Stopped by Filip Gustavsson without a rebound.
4:46 of 3rd period - Leo Carlsson wins face-off versus Nathan MacKinnon in Chicago Black Hawks zone.
4:56 of 3rd period - Minor Penalty to Victor Hedman for Tripping.
4:57 of 3rd period - Mikael Granlund wins face-off versus Leo Carlsson in New York Rangers zone.
5:35 of 3rd period - Snap shot by Mikael Granlund.
5:35 of 3rd period - Stopped by Filip Gustavsson with a rebound.
5:37 of 3rd period - Snap shot by Teuvo Teravainen.
5:37 of 3rd period - Shot Misses the Net.
5:39 of 3rd period - Wrist shot by Teuvo Teravainen.
5:39 of 3rd period - Stopped by Filip Gustavsson without a rebound.
5:40 of 3rd period - Teuvo Teravainen wins face-off versus Leo Carlsson in Chicago Black Hawks zone.
6:02 of 3rd period - Snap shot by Oliver Bjorkstrand.
6:02 of 3rd period - Shot Misses the Net.
6:04 of 3rd period - Wrist shot by Christopher Tanev.
6:04 of 3rd period - Shot Blocked by Olli Maatta.
6:06 of 3rd period - Wrist shot by Barrett Hayton.
6:06 of 3rd period - Shot Blocked by Adam Larsson.
6:22 of 3rd period - Christopher Tanev is hit by Teuvo Teravainen and loses puck.
6:33 of 3rd period - Luke Schenn is hit by Oliver Bjorkstrand and loses puck.
6:56 of 3rd period - Penalty to Victor Hedman is over, Victor Hedman is back on ice.
7:21 of 3rd period - Wrist shot by Brett Howden.
7:21 of 3rd period - Deflect By Trevor Zegras.
7:21 of 3rd period - Stopped by Igor Shesterkin with a rebound.
7:23 of 3rd period - Slapshot by Brett Howden.
7:23 of 3rd period - Shot Misses the Net.
7:25 of 3rd period - Slapshot by Ryan Lindgren.
7:25 of 3rd period - Deflect By Nathan MacKinnon.
7:25 of 3rd period - Stopped by Igor Shesterkin without a rebound.
7:26 of 3rd period - Brett Howden wins face-off versus Kyle Palmieri in New York Rangers zone.
7:27 of 3rd period - Wrist shot by Bobby Brink.
7:27 of 3rd period - Stopped by Igor Shesterkin with a rebound.
8:06 of 3rd period - Minor Penalty to Eeli Tolvanen for Cross-checking.
8:07 of 3rd period - Dylan Strome wins face-off versus Leo Carlsson in Chicago Black Hawks zone.
8:14 of 3rd period - Christopher Tanev is hit by Kyle Palmieri and loses puck.
9:04 of 3rd period - Zachary Werenski is hit by Jake Walman and loses puck.
9:27 of 3rd period - Christopher Tanev is hit by Mikael Granlund and loses puck.
10:06 of 3rd period - Penalty to Eeli Tolvanen is over, Eeli Tolvanen is back on ice.
10:08 of 3rd period - Evgeni Malkin is hit by Eeli Tolvanen and loses puck.
10:25 of 3rd period - Wrist shot by Kevin Fiala.
10:25 of 3rd period - Shot Misses the Net.
10:35 of 3rd period - Snap shot by Kevin Fiala.
10:35 of 3rd period - Deflect By Barrett Hayton.
10:35 of 3rd period - Shot Misses the Net.
10:35 of 3rd period - Puck is out of play.
10:36 of 3rd period - Noel Acciari wins face-off versus Brett Howden in New York Rangers zone.
10:47 of 3rd period - Minor Penalty to Luke Schenn for Interference.
10:48 of 3rd period - Leo Carlsson wins face-off versus Mikael Granlund in New York Rangers zone.
12:15 of 3rd period - Jake Walman is hit by Lucas Raymond and loses puck.
12:47 of 3rd period - Penalty to Luke Schenn is over, Luke Schenn is back on ice.
12:56 of 3rd period - Evgeni Malkin is hit by Leo Carlsson and loses puck.
14:01 of 3rd period - Barrett Hayton is hit by Nathan MacKinnon and loses puck.
14:28 of 3rd period - Olli Maatta is hit by Shane Wright and loses puck.
14:46 of 3rd period - Brent Burns is hit by Mikael Granlund and loses puck.
15:24 of 3rd period - Icing by Timo Meier.
15:25 of 3rd period - Evgeni Malkin wins face-off versus Shane Wright in New York Rangers zone.
15:45 of 3rd period - Off-side.
15:46 of 3rd period - Dylan Strome wins face-off versus Leo Carlsson in neutral zone.
15:49 of 3rd period - Lucas Raymond is hit by Victor Hedman and loses puck.
16:06 of 3rd period - Snap shot by Kevin Fiala.
16:06 of 3rd period - Stopped by Igor Shesterkin with a rebound.
16:08 of 3rd period - Wrist shot by Kevin Fiala.
16:08 of 3rd period - Shot Misses the Net.
16:10 of 3rd period - Wrist shot by Leo Carlsson.
16:10 of 3rd period - Shot Blocked by Victor Hedman.
16:12 of 3rd period - Snap shot by Kevin Fiala.
16:12 of 3rd period - Shot Misses the Net.
16:14 of 3rd period - Slapshot by Leo Carlsson.
16:14 of 3rd period - Shot Blocked by Jake Walman.
16:16 of 3rd period - Wrist shot by Justin Faulk.
16:16 of 3rd period - Stopped by Igor Shesterkin without a rebound.
16:17 of 3rd period - Matthew Beniers wins face-off versus Nathan MacKinnon in New York Rangers zone.
16:18 of 3rd period - Snap shot by Shane Wright.
16:18 of 3rd period - Goal by Shane Wright - Chicago Black Hawks : 2 - New York Rangers : 2.
16:19 of 3rd period - Matthew Beniers wins face-off versus Dylan Strome in neutral zone.
16:22 of 3rd period - Slapshot by Zachary Werenski.
16:22 of 3rd period - Shot Misses the Net.
16:24 of 3rd period - Wrist shot by Eeli Tolvanen.
16:24 of 3rd period - Shot Misses the Net.
16:26 of 3rd period - Snap shot by Eeli Tolvanen.
16:26 of 3rd period - Shot Misses the Net.
16:28 of 3rd period - Slapshot by Zachary Werenski.
16:28 of 3rd period - Stopped by Igor Shesterkin without a rebound.
16:29 of 3rd period - Dylan Strome wins face-off versus Matthew Beniers in New York Rangers zone.
16:29 of 3rd period - Dylan Strome is hit by Eeli Tolvanen.
17:10 of 3rd period - Snap shot by Matthew Beniers.
17:10 of 3rd period - Stopped by Igor Shesterkin with a rebound.
17:12 of 3rd period - Wrist shot by Eeli Tolvanen.
17:12 of 3rd period - Stopped by Igor Shesterkin with a rebound.
17:14 of 3rd period - Snap shot by Matthew Beniers.
17:14 of 3rd period - Shot Misses the Net.
17:16 of 3rd period - Slapshot by Zachary Werenski.
17:16 of 3rd period - Deflect By Matthew Beniers.
17:16 of 3rd period - Goal by Matthew Beniers - Chicago Black Hawks : 3 - New York Rangers : 2.
17:17 of 3rd period - Brett Howden wins face-off versus Artemi Panarin in neutral zone.
17:33 of 3rd period - Off-side.
17:34 of 3rd period - Dylan Strome wins face-off versus Matthew Beniers in neutral zone.
17:37 of 3rd period - Wrist shot by Teuvo Teravainen.
17:37 of 3rd period - Stopped by Filip Gustavsson with a rebound.
17:39 of 3rd period - Snap shot by Dylan Strome.
17:39 of 3rd period - Shot Misses the Net.
17:41 of 3rd period - Wrist shot by Teuvo Teravainen.
17:41 of 3rd period - Stopped by Filip Gustavsson with a rebound.
17:43 of 3rd period - Snap shot by Teuvo Teravainen.
17:43 of 3rd period - Shot Misses the Net.
17:45 of 3rd period - Snap shot by Dylan Strome.
17:45 of 3rd period - Shot Misses the Net.
17:51 of 3rd period - Wrist shot by Mikael Granlund.
17:51 of 3rd period - Stopped by Filip Gustavsson with a rebound.
18:01 of 3rd period - Noel Acciari is hit by Brett Howden and loses puck.
18:10 of 3rd period - Snap shot by Bobby Brink.
18:10 of 3rd period - Shot Blocked by Adam Larsson.
18:12 of 3rd period - Slapshot by Christopher Tanev.
18:12 of 3rd period - Stopped by Igor Shesterkin without a rebound.
18:13 of 3rd period - Leo Carlsson wins face-off versus Dylan Strome in New York Rangers zone.
18:22 of 3rd period - Snap shot by Kevin Fiala.
18:22 of 3rd period - Shot Misses the Net.
18:32 of 3rd period - Justin Faulk is hit by Teuvo Teravainen.
18:47 of 3rd period - Noel Acciari is hit by Zachary Werenski and loses puck.
19:18 of 3rd period - New York Rangers, Igor Shesterkin is pulled from the net.
19:26 of 3rd period - Slapshot by Victor Hedman.
19:26 of 3rd period - Stopped by Filip Gustavsson with a rebound.
19:28 of 3rd period - Slapshot by Conor Garland.
19:28 of 3rd period - Shot Misses the Net.
Goals for this period are 2 for Chicago Black Hawks vs 0 for New York Rangers.
Shots for this period are 12 for Chicago Black Hawks vs 14 for New York Rangers.
Back to the Top